 Dungeon Crawl Stone Soup version 0.23-a0-181-g24f899a (webtiles) character file.

493 tsouns the Insei (level 7, -1/45 HPs)
             Began as an Octopode Transmuter on Sept 19, 2018.
             Was an Initiate of Cheibriados.
             Slain by an ogre
             ... wielding a +0 giant club
              (32 damage)
             ... on level 5 of the Dungeon.
             The game lasted 00:17:41 (5262 turns).

tsouns the Insei (Octopode Transmuter)              Turns: 5262, Time: 00:17:42

Health: -1/45      AC:  2    Str: 10    XL:     7   Next: 15%
Magic:  7/10       EV: 20    Int: 18    God:    Cheibriados [......]
Gold:   307        SH:  0    Dex: 19    Spells: 1/11 levels left

rFire    . . .     SeeInvis .     - Unarmed
rCold    . . .     Gourm    .   (shield currently unavailable)
rNeg     . . .     Faith    .   (helmet currently unavailable)
rPois    x         Spirit   .   (no amulet)
rElec    .         Reflect  .   p - ring of resist corrosion
rCorr    +         Harm     .   (no ring)
MR       .....                  (no ring)
Stlth    ++........             (no ring)
HPRegen  0.15/turn              (no ring)
MPRegen  0.12/turn              (no ring)
                                (no ring)
                                (no ring)

@: spider-form, very slow
A: tiny, almost no armour, stealthy swim, (amphibious), 8 rings, (constrict 8)
a: End Transformation, Bend Time, Renounce Religion


You were on level 5 of the Dungeon.
You worshipped Cheibriados.
Cheibriados was noncommittal.
You were not hungry.
You were a venomous arachnid creature.
You visited 2 branches of the dungeon, and saw 6 of its levels.

You collected 307 gold pieces.

Inventory:

Missiles
 a - 105 arrows
 b - 211 stones
 m - 7 javelins (quivered)
Armour
 j - a +0 buckler (melded)
 q - a +0 shield
Jewellery
 p - a ring of resist corrosion (left front leg)
Scrolls
 n - a scroll of teleportation
 o - 2 scrolls of remove curse
Potions
 d - a potion of curing {unknown}
 e - 2 potions of flight
 f - 3 potions of lignification
 g - a potion of cancellation
 h - a potion of haste
 i - a potion of invisibility {unknown}
 k - a potion of ambrosia {unknown}
 l - a potion of brilliance {unknown}
Comestibles
 c - 10 rations


   Skills:
 - Level 2.3 Fighting
 - Level 2.0 Dodging
 - Level 3.0 Shields
 + Level 5.2 Unarmed Combat
 + Level 2.5 Spellcasting
 + Level 4.1 Transmutations
 + Level 0.3 Ice Magic
 + Level 0.4 Poison Magic


You had one spell level left.
You knew the following spells:

 Your Spells              Type           Power        Failure   Level  Hunger
a - Beastly Appendage     Tmut           ###...       11%         1    #......
b - Sticks to Snakes      Tmut           ###.....     14%         2    ##.....
c - Spider Form           Tmut/Pois      ##........   41%         3    ###....
d - Ice Form              Ice/Tmut       ##......     77%         4    #####..

Your spell library contained the following spells:

 Spells                   Type           Power        Failure   Level  Hunger
 Ignite Poison            Fire/Tmut/Pois #.......     50%         3    ###....
 Blade Hands              Tmut           ###.......   83%         5    ######.
 Fireball                 Conj/Fire      #.........   100%        5    ######.
 Bolt of Fire             Conj/Fire      #.........   100%        6    #######
 Ring of Flames           Chrm/Fire      #.........   100%        7    #######
 Ignition                 Fire           #.........   100%        8    #######


Dungeon Overview and Level Annotations

Branches:
Dungeon (5/15)             Temple (1/1) D:5

Altars:
Cheibriados
Dithmenos
Elyvilon
Fedhas
Gozag
Hepliaklqana
Kikubaaqudgha
Makhleb
Nemelex Xobeh
Okawaru
Qazlal
Ru
Sif Muna
Trog
Uskayaw
Vehumet
Wu Jian
Xom
Yredelemnul
Zin
The Shining One


Innate Abilities, Weirdness & Mutations

You cannot wear most types of armour.
You are very stealthy in the water. (Stealth+)
((You are amphibious.))
You can wear up to eight rings at the same time.
((You can use your tentacles to constrict eight enemies at once.))
((Your skin changes colour to match your surroundings (Stealth+).))
((Your rubbery body absorbs attacks. (AC +1, EV +1)))


Message History

An ooze and an ogre come into view.
The ogre shouts!
You hear an angry hiss.
An adder comes into view.
Casting: Beastly Appendage (safe; 3% risk of failure)
Confirm with . or Enter, or press ? or * to list all spells.
Your tentacle spike disappears.
You turn into a venomous arachnid creature.
Your +0 buckler melds into your body.
The adder barely misses you.
Unknown command.
You hit the adder but do no damage.
The adder is poisoned.
The adder misses you.
You bite the adder!
The adder looks as sick as possible!
The adder is almost dead.
You kill the adder!
Cheibriados appreciates the change of pace.
You bite the ogre!
The ogre is moderately wounded.
The ogre hits you with a giant club!!
Ouch! That really hurt!
You die...

#.............. #
#............
###.##.....#.##..
...........# ###.##.....#
# #.....# #.#.#.#
...#O#.# #. #####s#.# #.
#.#.# #.########.#
#.....##...##
#.##.##.#..# O.
##.##.##.##.####.!.
#..#.........#....#
###..............##.#
#.###....#..⌠...⌠..#.##.#


You could see an ogre.

Vanquished Creatures
  An ogre (D:4)
  A centaur (D:5)
  A crimson imp (D:5)
  A centaur zombie (D:5)
  An orc wizard (D:3)
  A hound zombie (D:5)
  Robin (D:3)
  3 gnolls (D:3)
  4 adders
  An ooze (D:3)
  2 worms (D:4)
  5 leopard geckos
  8 orcs
  A ball python (D:1)
  2 giant cockroaches
  12 hobgoblins
  6 jackals
  2 quokkas
  7 bats
  5 frilled lizards
  A giant cockroach zombie (D:5)
  12 goblins
  6 kobolds
  8 rats
92 creatures vanquished.

Vanquished Creatures (collateral kills)
  An ogre (D:5)
  A worker ant (D:4)
  2 adders (D:4)
  2 orcs
  A goblin (D:3)
7 creatures vanquished.

Grand Total: 99 creatures vanquished

Notes
Turn   | Place    | Note
-------+----------+-------------------------------------------
     0 | D:1      | tsouns the Octopode Transmuter began the quest for the Orb.
     0 | D:1      | Reached XP level 1. HP: 13/13 MP: 3/3
   290 | D:1      | Reached XP level 2. HP: 18/18 MP: 1/5
   294 | D:1      | Learned a level 2 spell: Sticks to Snakes
   692 | D:1      | Reached XP level 3. HP: 23/23 MP: 4/6
   998 | D:2      | Learned a level 3 spell: Spider Form
  1067 | D:2      | Reached skill level 1 in Shields
  1284 | D:2      | Reached skill level 4 in Unarmed Combat
  1380 | D:2      | Reached XP level 4. HP: 22/28 MP: 5/7
  2000 | D:3      | Noticed Robin
  2332 | D:3      | Killed Robin
  2611 | D:3      | Reached XP level 5. HP: 24/33 MP: 6/8
  3210 | D:4      | Noticed an ogre
  3738 | D:4      | Killed an ogre
  3738 | D:4      | Reached XP level 6. HP: 8/38 MP: 1/9
  4411 | D:5      | Entered Level 5 of the Dungeon
  4619 | D:5      | Reached skill level 5 in Unarmed Combat
  4850 | D:5      | Found a staircase to the Ecumenical Temple.
  4859 | Temple   | Entered the Ecumenical Temple
  5144 | Temple   | Became a worshipper of Cheibriados the Contemplative
  5220 | D:5      | Reached XP level 7. HP: 43/45 MP: 10/10
  5226 | D:5      | Learned a level 4 spell: Ice Form
  5262 | D:5      | Slain by an ogre

Vault maps used:
D:1:      kennysheep_arrival_forest
D:3:      uniq_robin
D:5:      minmay_temple_entry_large_hall, first_ration, nicolae_zen_rock_garden
Temple:   regret_index_temple_sigil_plot

Skill      XL: |  1  2  3  4  5  6 |
---------------+-------------------+-----
Shields        | 1 2 3 |  3.0
Unarmed Combat | 4 5 |  5.2
Transmutations | 3 4 |  4.1
Fighting       | 2 |  2.3
Dodging        | |  2.0
Spellcasting   | |  2.5
Ice Magic      | |  0.3
Poison Magic   | |  0.4

Action                   |  1- 3 |  4- 6 |  7- 9 || total
-------------------------+-------+-------+-------++-------
Melee: Unarmed           |    75 |   116 |    10 ||   201
       Constrict         |    19 |    32 |       ||    51
       Tentacles         |     9 |    23 |     3 ||    35
       Kick              |    11 |    13 |     1 ||    25
       Punch             |     5 |       |       ||     5
Throw: Stone             |       |     3 |       ||     3
       Javelin           |       |    13 |       ||    13
 Cast: Beastly Appendage |    14 |    11 |     1 ||    26
       Sticks to Snakes  |       |    18 |       ||    18
       Spider Form       |       |     1 |     1 ||     2
  Use: Scroll            |     4 |     7 |       ||    11
 Stab: Sleeping          |     9 |     6 |       ||    15
  Eat: Chunk             |     2 |     7 |       ||     9
       Ration            |       |     2 |       ||     2
Armor: Skin              |     1 |     2 |       ||     3
Dodge: Dodged            |    33 |    50 |     3 ||    86
Block: Buckler           |     7 |    17 |     2 ||    26

Table legend:
 A = Non-vault XP
 B = Vault XP
 C = Vault XP percentage of total XP
 D = Non-vault monster count
 E = Vault monster count
 F = Vault count percentage of total count
                 A         B        C        D         E       F
            +---------+---------+-------+---------+---------+-------
      Total |     668 |      37 |   5.2 |      86 |      13 |  13.1
            +---------+---------+-------+---------+---------+-------
        D:1 |      37 |       0 |   0.0 |      23 |       0 |   0.0
        D:2 |      68 |       4 |   5.6 |      25 |       2 |   7.4
        D:3 |      96 |      33 |  25.6 |      15 |      11 |  42.3
        D:4 |     125 |       0 |   0.0 |      13 |       0 |   0.0
        D:5 |     342 |       0 |   0.0 |      10 |       0 |   0.0
            +---------+---------+-------+---------+---------+-------
